 Dungeon Crawl Stone Soup version 0.29-a0-1014-ga8c0faee3b (webtiles) character file.

Game seed: 11861721900999936895

11496 2tc the Cleaver (level 11, -3/123 HPs)
             Began as a Red Draconian Conjurer on Aug 9, 2022.
             Was a Plaything of Xom.
             Slain by a red devil
             ... wielding a +0 trident
             ... summoned by Xom
              (18 damage)
             ... on level 10 of the Dungeon.
             The game lasted 00:55:26 (13458 turns).

2tc the Cleaver (Red Draconian Conjurer)           Turns: 13458, Time: 00:55:27

Health: -3/123     AC: 12    Str: 10    XL:     11   Next: 50%
Magic:  5/14       EV: 12    Int: 16    God:    Xom [......]
Gold:   662        SH:  4    Dex: 12    Spells: 3/14 levels left

rFire   + + .      SeeInvis .   s - +4 hand axe of the Omega Point {flame, +Blink rElec rF+ Will+}
rCold   . . .      Faith    .   (no shield)
rNeg    . . .      Spirit   .   (body armour unavailable)
rPois   .          Reflect  .   v - +1 hat
rElec   +          Harm     .   (no cloak)
rCorr   .          Rampage  .   A - +0 pair of gloves
Will    ++...                   o - +2 pair of boots {Fly}
Stlth   ..........              q - amulet of the acrobat
HPRegen 0.30/turn               u - ring of wizardry
MPRegen 0.14/turn               (no ring)

@: berserking, spiked, flying, studying Maces & Flails, very quick
A: breathe fire, AC +7, unfitting armour, fire resistance 1, cold-blooded, big
wings, large bone plates 1, clumsy 1, dopey 1, strong-willed 1
a: Breathe Fire, Renounce Religion, Evoke Blink


You were on level 10 of the Dungeon.
You worshipped Xom.
You were a very special plaything of Xom.
You visited 2 branches of the dungeon, and saw 11 of its levels.
You also visited: Bailey.

You collected 662 gold pieces.

Inventory:

Hand Weapons
 c - a +4 dagger
 h - a +2 dagger of distortion
 p - a +3 hand axe of electrocution
 s - the +4 hand axe of the Omega Point (weapon) {flame, +Blink rElec rF+ Will+}
   (You found it on level 2 of the Dungeon)

   It burns those it strikes, dealing additional fire damage.
   Big, fiery blades are also staple armaments of hydra-hunters.
   rF:        It protects you from fire.
   rElec:     It insulates you from electricity.
   +Blink:    It lets you blink.
   Will:      It increases your willpower.
 D - a +1 war axe of chaos
Armour
 b - a +0 buckler
 i - a +1 buckler of positive energy
 o - a +2 pair of boots of flying (worn)
 v - a +1 hat (worn)
 A - a +0 pair of gloves (worn)
Magical Staves
 e - a staff of death
Jewellery
 g - a ring of fire
 k - a ring of positive energy
 q - an amulet of the acrobat (around neck)
 u - a ring of wizardry (left hand)
 z - a ring of flight
 C - an amulet of faith
 E - a ring of ice
Wands
 y - a wand of roots (3)
 B - a wand of paralysis (11)
Scrolls
 m - a scroll of teleportation
 t - 4 scrolls of amnesia
 x - a scroll of silence
 F - 2 scrolls of magic mapping
 G - 3 scrolls of fear
 I - a scroll of identify
Potions
 a - a potion of magic
 d - 2 potions of might
 f - 2 potions of lignification
 j - 2 potions of brilliance
 l - 3 potions of attraction
 r - 2 potions of mutation
 w - a potion of curing
 H - 3 potions of flight
Miscellaneous
 n - a tin of tremorstones (1/2)


   Skills:
 + Level 3.2 Fighting
 - Level 14.0 Axes
 - Level 1.7 Dodging
 - Level 1.7 Stealth
 - Level 2.2 Spellcasting
 - Level 10.1 Conjurations
 - Level 6.0 Hexes


You had 3 spell levels left.
You knew the following spells:

 Your Spells              Type           Power      Damage    Failure   Level
a - Magic Dart            Conj           100%       1d8       1%          1
b - Searing Ray           Conj           68%        2d6       1%          2
c - Fulminant Prism       Conj/Hex       13%        3d9       3%          4
d - Iskenderun's Mystic   Conj/Tloc      18%        2d6       11%         4

Your spell library contained the following spells:

 Spells                   Type           Power      Damage    Failure   Level
 Dazzling Flash           Conj/Hex       54%        N/A       1%          3
 Ensorcelled Hibernation  Hex/Ice        22%        N/A       3%          2
 Mephitic Cloud           Conj/Pois/Air  12%        N/A       6%          3
 Hailstorm                Conj/Ice       18%        3d6       11%         4
 Metabolic Englaciation   Hex/Ice        5%         N/A       52%         5
 Airstrike                Air            0%         2d(1-17)  58%         4
 Ice Form                 Ice/Tmut       1%         N/A       58%         4
 Lee's Rapid Deconstruct  Erth           0%         3d5*      89%         5
 Simulacrum               Ice/Necr       0%         N/A       100%        6


Dungeon Overview and Level Annotations

Branches:
Dungeon (10/15)            Temple (1/1) D:6          Bailey (visited)
   Lair: D:8-11         Orc: D:9-12

Altars:
Ashenzari
Cheibriados
Dithmenos
Elyvilon
Fedhas
Gozag
Kikubaaqudgha
Makhleb
Nemelex Xobeh
Okawaru
Qazlal
Ru
Sif Muna
Trog
Uskayaw
Vehumet
Wu Jian
Xom
Yredelemnul
Zin
The Shining One

Shops:
D:9 ?*

Annotations:
D:3 1 runed translucent door, Crazy Yiuf


Innate Abilities, Weirdness & Mutations

You can breathe blasts of fire.
Your fiery red scales are hard. (AC +7)
You cannot fit into any form of body armour.
Your flesh is heat resistant. (rF+)
You are cold-blooded and may be slowed by cold attacks.
Your large and strong wings let you fly.
You are partially covered in large bone plates. (SH +4)
You are clumsy. (Dex -2)
You are dopey. (Int -2)
You are strong-willed. (Will+)


Message History

You resist with almost no effort. The white imp gestures at you.
The puff of frost hits you.
* * * LOW HITPOINT WARNING * * *
The red devil closely misses you.
You hit the red devil but do no damage.
The red devil is heavily wounded.
You hit the white imp. You burn the white imp.
You kill the white imp!
The white imp disappears in a puff of smoke!
You hit the iron imp. You hit the shadow imp. You burn the shadow imp.
The iron imp closely misses you.
You barely miss the red devil.
The red devil is heavily wounded.
You hit the shadow imp. You burn the shadow imp.
You kill the shadow imp!
The shadow imp degenerates into a cloud of primal chaos!
You hit the iron imp but do no damage.
The red devil hits you with a +0 trident!
* * * LOW HITPOINT WARNING * * *
Barbed spikes become lodged in your body.
You closely miss the red devil. You tail-slap the red devil.
The red devil is severely wounded.
You hit the iron imp but do no damage.
The iron imp hits you but does no damage.
You block the red devil's attack.
You feel better.
The red devil hits you with a +0 trident!
* * * LOW HITPOINT WARNING * * *
Xom thinks this is hilarious!
Barbed spikes become lodged in your body.
You feel better. The iron imp misses you. You block the red devil's attack.
You hit the red devil but do no damage. You tail-slap the red devil.
The red devil is severely wounded.
You hit the iron imp.
The iron imp hits you but does no damage.
A red film seems to cover your vision as you go berserk!
You feel yourself moving faster!
You feel mighty!
The red devil hits you with a +0 trident!!
You die...

#.........#######.....#
##########......#.....#
#........#......#.....#
#........#......#....########
#........#......#....#..#...#
#.......#)))...#......#....#
#.......#......#......#....#
#.......#.).5..#......#....#
#.......#.4@...#......#....#
#######+#....).#########...#
................. #####
.................
.................
.................
.................
#################


You could see a red devil (summoned) and an iron imp (summoned).

Vanquished Creatures
  2 two-headed ogres
  Nergalle (D:10)
  2 skeletal warriors (D:10)
  An orc knight (Bailey)
  A gargoyle (D:10)
  An unseen horror (D:10)
  3 trolls
  A shadow (D:10)
  6 yaks (D:9)
  2 wyverns
  A steam dragon (D:9)
  An acid dragon (D:9)
  3 water moccasins
  8 orc warriors
  A black bear (D:5)
  A sky beast (D:7)
  5 centaurs
  2 phantoms
  A kobold brigand (D:7)
  A gnoll sergeant (D:6)
  A bullfrog (D:9)
  2 scorpions
  16 wights
  3 killer bees (D:9)
  A howler monkey (D:10)
  A bullfrog zombie (D:4)
  2 jellies
  A centaur zombie (D:4)
  4 orc priests (D:10)
  4 hounds
  4 iguanas
  8 orc wizards
  A hound zombie (D:4)
  3 gnolls
  7 adders
  A river rat (D:4)
  A shadow imp (D:6)
  3 white imps
  An ufetubus (D:7)
  An adder zombie (D:4)
  A worm (D:4)
  3 dart slugs
  47 orcs
  8 endoplasms
  4 giant cockroaches
  6 goblins
  12 hobgoblins
  3 jackals (D:1)
  25 kobolds
  5 quokkas
  5 ball pythons
  2 bats
  5 frilled lizards
  8 rats
243 creatures vanquished.

Vanquished Creatures (collateral kills)
  A skeletal warrior (D:10)
  Eustachio (D:4)
  A hound (D:6)
  An orc wizard (D:4)
  A rat (D:3)
5 creatures vanquished.

Vanquished Creatures (others)
  A dancing weapon (D:10)
  A yak (D:9)
  An orc wizard (D:9)
  36 fulminant prisms
39 creatures vanquished.

Grand Total: 287 creatures vanquished

Notes
Turn   | Place    | Note
-------+----------+-------------------------------------------
     0 | D:1      | 2tc the Draconian Conjurer began the quest for the Orb.
     0 | D:1      | Reached XP level 1. HP: 14/14 MP: 3/3
   278 | D:1      | Reached XP level 2. HP: 20/20 MP: 3/5
   471 | D:1      | Found a faded altar of an unknown god.
   505 | D:1      | Prayed at the altar of an unknown god.
   505 | D:1      | Became a worshipper of Xom of Chaos
   575 | D:1      | XOM: silly message
   959 | D:1      | XOM: silly message
   966 | D:1      | Learned a level 2 spell: Searing Ray
   973 | D:1      | XOM: god gift: +1 buckler of positive energy
  1122 | D:1      | XOM: give mutations
  1122 | D:1      | Gained mutation: You are strong-willed. (Will+) [Xom's
                  | grace]
  1122 | D:1      | Gained mutation: You are partially covered in large bone
                  | plates. (SH +4) [Xom's grace]
  1122 | D:1      | Gained mutation: You have a pair of small horns on your
                  | head. [Xom's grace]
  1122 | D:1      | Gained mutation: You are somewhat resistant to further
                  | mutation. [Xom's grace]
  1322 | D:2      | Reached skill level 5 in Conjurations
  1395 | D:2      | Reached XP level 3. HP: 26/26 MP: 3/6
  1397 | D:2      | Noticed a killer bee
  1397 | D:2      | a giant cockroach changed into a killer bee
  1397 | D:2      | XOM: polymorph giant cockroach -> killer bee
  1399 | D:2      | Noticed a shapeshifter
  1399 | D:2      | a killer bee changed into a shapeshifter
  1399 | D:2      | XOM: polymorph killer bee -> shapeshifter
  1399 | D:2      | Noticed an eye of devastation
  1399 | D:2      | a shapeshifter changed into an eye of devastation
  1621 | D:3      | XOM: repel stairs
  1733 | D:3      | Found a runed translucent door.
  1734 | D:3      | Noticed Crazy Yiuf
  1918 | D:3      | Reached XP level 4. HP: 33/33 MP: 2/7
  2503 | D:2      | XOM: summons 2 hostile shadow creatures
  2515 | D:2      | Identified the +4 hand axe of the Omega Point {flame,
                  | +Blink rElec rF+ Will+}
  3083 | D:4      | Reached XP level 5. HP: 38/38 MP: 3/8
  3215 | D:4      | XOM: give mutations
  3215 | D:4      | Gained mutation: You expend magic power (3 MP) to
                  | strengthen your wands. [Xom's mischief]
  3215 | D:4      | Lost mutation: You expend magic power (3 MP) to strengthen
                  | your wands. [Xom's mischief]
  3215 | D:4      | Lost mutation: You are somewhat resistant to further
                  | mutation. [Xom's mischief]
  3215 | D:4      | Gained mutation: You occasionally shout uncontrollably at
                  | your foes. [Xom's mischief]
  3229 | D:4      | XOM: polymorph orc -> river rat
  3284 | D:4      | XOM: divination: detect creatures
  3513 | D:4      | Noticed an orc warrior
  3530 | D:4      | XOM: potion effect (haste)
  3545 | D:4      | XOM: confuse monster(s)
  3653 | D:3      | XOM: noise
  3711 | D:3      | XOM: 3-stop teleportation journey
  3886 | D:4      | Noticed Eustachio
  3904 | D:4      | Killed Eustachio
  3905 | D:4      | Reached XP level 6. HP: 36/45 MP: 3/9
  4006 | D:4      | XOM: potion effect (invisibility)
  4007 | D:4      | Killed an orc warrior
  4010 | D:4      | Your scales start taking on a fiery red colour.
  4010 | D:4      | Reached XP level 7. HP: 49/50 MP: 5/10
  4010 | D:4      | Gained mutation: Your flesh is heat resistant. (rF+) [Red
                  | Draconian growth]
  4282 | D:4      | Found a shimmering blue altar of Sif Muna.
  4411 | D:4      | Found a sparkling altar of Nemelex Xobeh.
  4477 | D:4      | Found a basalt altar of Yredelemnul.
  4639 | D:5      | Entered Level 5 of the Dungeon
  5034 | D:5      | XOM: god gift: +4 triple crossbow
  5375 | D:6      | XOM: cleaving
  5381 | D:6      | Reached skill level 10 in Conjurations
  5437 | D:6      | Reached XP level 8. HP: 57/57 MP: 6/11
  5442 | D:6      | Learned a level 4 spell: Fulminant Prism
  5506 | D:6      | Found a staircase to the Ecumenical Temple.
  5527 | Temple   | Entered the Ecumenical Temple
  5665 | D:6      | XOM: god gift: 49 gold pieces
  5674 | D:6      | Reached skill level 1 in Hexes
  5795 | D:6      | Found a shimmering altar of Xom.
  5797 | D:6      | Found a radiant altar of Vehumet.
  5993 | D:6      | XOM: enchant monster (good)
  6215 | D:6      | Identified the +2 helmet of the Solstice {SInv}
  6240 | D:6      | XOM: cloud trail
  6314 | D:6      | Found a glowing silver altar of Zin.
  6315 | D:6      | Found a white marble altar of Elyvilon.
  6315 | D:6      | Found a glowing golden altar of the Shining One.
  6530 | D:6      | XOM: summons 8 friendly demons
  6534 | D:6      | Paralysed by a centaur for 2 turns
  6537 | D:6      | Reached skill level 5 in Hexes
  6595 | D:6      | XOM: give mutations
  6595 | D:6      | Gained mutation: You are highly strong-willed. (Will++)
                  | [Xom's grace]
  6595 | D:6      | Gained mutation: You are robust. (+10% HP) [Xom's grace]
  6792 | D:7      | Reached skill level 1 in Axes
  6851 | D:7      | Noticed a troll
  6862 | D:7      | Killed a troll
  6863 | D:7      | Reached skill level 2 in Axes
  6863 | D:7      | Reached XP level 9. HP: 56/68 MP: 0/12
  6922 | D:7      | XOM: scenery: 1 doors close
  6976 | D:7      | XOM: god gift: 34 gold pieces
  7016 | D:7      | Reached skill level 3 in Axes
  7065 | D:7      | XOM: divination: detect items
  7146 | D:7      | XOM: swap monsters
  7157 | D:7      | Reached skill level 4 in Axes
  7561 | D:7      | XOM: potion effect (curing)
  7571 | D:7      | XOM: chaos upgrade
  7579 | D:7      | XOM: swap monsters
  7586 | D:7      | Reached skill level 5 in Axes
  8112 | D:7      | XOM: give mutations
  8112 | D:7      | Lost mutation: You occasionally shout uncontrollably at
                  | your foes. [Xom's mischief]
  8112 | D:7      | Gained mutation: You are clumsy. (Dex -2) [Xom's mischief]
  8261 | D:8      | XOM: cloud trail
  8356 | D:8      | Found a stormy altar of Qazlal.
  8372 | D:8      | Reached skill level 6 in Axes
  8897 | D:8      | Noticed a two-headed ogre
  8907 | D:8      | Killed a two-headed ogre
  8908 | D:8      | Reached skill level 7 in Axes
  9000 | D:8      | XOM: 2-stop teleportation journey
  9006 | D:8      | Reached skill level 8 in Axes
  9099 | D:8      | XOM: cast spell 'Statue Form'
  9425 | D:8      | XOM: divination: magic mapping
  9712 | D:9      | Found Utzail's Assorted Antiques.
  9756 | D:9      | Reached XP level 10. HP: 65/75 MP: 4/13
  9758 | D:9      | Reached skill level 9 in Axes
  9760 | D:9      | XOM: cast spell 'Statue Form'
  9769 | D:9      | XOM: smoke on damage
  9782 | D:9      | XOM: cast spell 'Olgreb's Toxic Radiance'
  9783 | D:9      | XOM: cast spell 'Cause Fear'
  9786 | D:9      | Reached skill level 10 in Axes
  9787 | D:9      | Found Jybureh's Magic Scroll Emporium.
 10076 | D:9      | Found a flagged portal.
 10083 | Bailey   | Entered a bailey
 10112 | Bailey   | Identified the +1 plate armour of Grace {Harm rF+}
 10142 | Bailey   | XOM: 4-stop teleportation journey
 10383 | Bailey   | Noticed an orc knight
 10550 | Bailey   | XOM: smoke on damage
 10562 | Bailey   | Killed an orc knight
 10563 | Bailey   | Reached skill level 11 in Axes
 10625 | Bailey   | XOM: god gift: Xom's Parchment of the Apothecary {god gift}
 10628 | Bailey   | Got Xom's Parchment of the Apothecary {god gift}
 10647 | Bailey   | XOM: summons 6 hostile demons
 10679 | Bailey   | XOM: summons 1 hostile demon
 10870 | Bailey   | XOM: give mutations
 10870 | Bailey   | Lost mutation: You have a pair of small horns on your head.
                  | [Xom's mischief]
 10870 | Bailey   | Gained mutation: You are very clumsy. (Dex -4) [Xom's
                  | mischief]
 10870 | Bailey   | Lost mutation: You are very clumsy. (Dex -4) [Xom's
                  | mischief]
 11088 | D:9      | XOM: 1-stop teleportation journey
 11412 | D:9      | XOM: enchant monster (good)
 11434 | D:9      | XOM: enchant monster (bad)
 11450 | D:9      | Reached skill level 12 in Axes
 11493 | D:9      | XOM: noise
 11809 | D:9      | Found an iron altar of Okawaru.
 12065 | D:10     | Entered Level 10 of the Dungeon
 12065 | D:10     | Noticed a two-headed ogre
 12288 | D:10     | Found a blossoming altar of Fedhas.
 12291 | D:10     | Found an ancient bone altar of Kikubaaqudgha.
 12361 | D:10     | XOM: cloud trail
 12469 | D:10     | XOM: 3-stop teleportation journey
 12470 | D:10     | Noticed a cyan ugly thing
 12477 | D:10     | XOM: summons 1 friendly demon
 12484 | D:10     | Reached XP level 11. HP: 8/81 MP: 6/14
 12485 | D:10     | Killed a two-headed ogre
 12521 | D:10     | Noticed Nergalle
 12549 | D:10     | XOM: cloud trail
 12812 | D:10     | Learned a level 4 spell: Iskenderun's Mystic Blast
 12860 | D:9      | XOM: scenery: summon butterflies
 12917 | D:10     | XOM: enchant monster (good)
 12922 | D:10     | Killed Nergalle
 12923 | D:10     | Reached skill level 13 in Axes
 12925 | D:10     | XOM: god gift: 30 gold pieces
 13029 | D:10     | Noticed a skeletal warrior
 13030 | D:10     | Noticed a skeletal warrior
 13030 | D:10     | Noticed a skeletal warrior
 13031 | D:10     | XOM: divination: detect items
 13048 | D:10     | Killed a skeletal warrior
 13052 | D:10     | XOM: fog
 13055 | D:10     | XOM: enchant monster (good)
 13058 | D:10     | XOM: confuse monster(s)
 13059 | D:10     | Killed a skeletal warrior
 13080 | D:10     | Killed a skeletal warrior
 13081 | D:10     | Reached skill level 14 in Axes
 13159 | D:10     | XOM: summons 11 friendly demons
 13240 | D:10     | XOM: noise
 13260 | D:10     | XOM: give mutations
 13260 | D:10     | Lost mutation: You are highly strong-willed. (Will++)
                  | [Xom's mischief]
 13260 | D:10     | Gained mutation: You are dopey. (Int -2) [Xom's mischief]
 13260 | D:10     | Lost mutation: You are robust. (+10% HP) [Xom's mischief]
 13260 | D:10     | Gained mutation: Your large and strong wings let you fly.
                  | [Xom's mischief]
 13444 | D:10     | XOM: summons 6 hostile demons
 13453 | D:10     | HP: 4/82 [red devil/+0 trident[Xom] (8)]
 13455 | D:10     | HP: 1/82 [red devil/+0 trident[Xom] (9)]
 13458 | D:10     | Slain by a red devil

Illustrated notes

Levels and vault maps discovered:
D:1:      minmay_arrival_jagged, layout_loops_ring,
          shapermc_ecumenical_altar_ellora
D:2:      layout_basic, minmay_cut_off
D:3:      layout_rooms, uniq_crazy_yiuf_cottage
D:4:      layout_cave_pools, nemelex_diamond_rough_becter,
          amcnicky_altar_gilded, nicolae_yredelemnul_corpse_copse,
          guppyfry_early_orc_mine, uniq_eustachio
D:5:      layout_loops_ring
D:6:      kennysheep_spiral_hall, layout_cave_pools, good_gods_temple_1,
          mainiacjoe_overflow_catwalk_spiral,
          minmay_temple_entry_statues_pillars
D:7:      layout_basic
D:8:      layout_basic, mainiacjoe_overflow_boulevard
D:9:      layout_roguey, lemuel_tele_altar, serial_shops,
          nicolae_lakefront_shop, nicolae_lakefront_shop, enter_bailey_2
D:10:     layout_gridville, grunt_temple_overflow_growth_and_decay,
          worldfamousw_hep_ancestral_shrine, erik_orc_2,
          nicolae_fountain_basement, uniq_nergalle
Temple:   kb_temple_of_zot

Skill      XL: |  1  2  3  4  5  6  7  8  9 10 11 |
---------------+----------------------------------+-----
Conjurations   | 5 6 7 8 10 | 10.1
Hexes          | 6 |  6.0
Axes           | 2 8 12 14 | 14.0
Fighting       | 3 |  3.2
Dodging        | |  1.7
Stealth        | |  1.7
Spellcasting   | |  2.2

Action                   |  1- 3 |  4- 6 |  7- 9 | 10-12 || total
-------------------------+-------+-------+-------+-------++-------
Melee: Dagger            |    30 |    62 |   135 |   106 ||   333
       Tailslap          |     7 |     8 |    18 |    35 ||    68
       Headbutt          |     1 |     7 |    17 |     6 ||    31
       Hand axe          |       |       |       |   100 ||   100
       Punch             |       |       |       |     3 ||     3
 Cast: Magic Dart        |    63 |    79 |   139 |    59 ||   340
       Searing Ray       |       |     3 |    16 |     5 ||    24
       Fulminant Prism   |       |       |    13 |    23 ||    36
 Abil: Breathe Fire      |       |       |       |     3 ||     3
Evoke: Wand              |       |       |     2 |     3 ||     5
       Tin of tremorston |       |       |       |     1 ||     1
  Use: Scroll            |     7 |     6 |    12 |     6 ||    31
       Potion            |       |     5 |       |     8 ||    13
 Stab: Sleeping          |     1 |     1 |       |     1 ||     3
       Paralysed         |       |       |       |     5 ||     5
       Confused          |       |       |       |     3 ||     3
Armor: Skin              |    10 |     9 |    32 |    78 ||   129
Dodge: Dodged            |    10 |    53 |    98 |   131 ||   292
Block: Other             |     1 |     8 |    24 |    38 ||    71

Table legend: (Time is in decaauts)
 A = Elapsed time spent in this place.
 B = Non-inter-level travel time spent in this place.
 C = Inter-level travel time spent in this place.
 D = Time resting spent in this place.
 E = Time spent auto-exploring this place.
 F = Levels seen in this place.
 G = Mean time per level.
                   A        B        C        D        E       F      G
               +--------+--------+--------+--------+--------+-----+--------+
         Total |  13413 |  12954 |    459 |    920 |  10058 |  12 | 1117.8 |
       Dungeon |  12408 |  11949 |    459 |    844 |   9363 |  10 | 1240.8 |
        Temple |    130 |    130 |      0 |      0 |    116 |   1 |  130.0 |
        Bailey |    874 |    874 |      0 |     76 |    579 |   1 |  874.0 |
               +--------+--------+--------+--------+--------+-----+--------+

Top non-repeatable levels by time:
     D:9: 1736 daAuts
     D:8: 1511 daAuts
     D:7: 1494 daAuts
     D:4: 1435 daAuts
     D:6: 1221 daAuts
     D:3: 1186 daAuts
     D:1: 1167 daAuts
    D:10: 1129 daAuts
  Bailey: 874 daAuts
     D:2: 830 daAuts
     D:5: 695 daAuts
  Temple: 130 daAuts
